Unix NetHack Version 5.0.0-0 post-release - last build Jul 19 2026 19:10:59 (3aa4ab31751d3886436d94b585a96704892fd477,branch:main).

Game began 2026-07-15 04:19:34, ended 2026-07-27 02:11:30.

Eisengrim, chaotic male elven Wizard

                                                    ----
                ----                   ---         --..|   ----  -----
               --..---               ---0--      ---...|   |..----.|.--
               |....0|             ---....|     --....--   |...--.....|
               |.....|             |......--   --.....------..........|
               --..^.--            |.......|   |..............---....--
                |..-..|---         --......|   |.|.|..........| |....|
                |....--..------------......|   ----|.........-- ---..-------
                --........................-|       ----......|    |....--..|
                h@.f....---................|-------   |......--   |........|
                --.                ........--..|.)|   --..[..%-----.. ....--
                                    ..>.......(...--- --........--.......-|
                                    ......---%......---...................|
                                    #.|.--- |^).).......|.............--.--
                                    -#---    -[)....----|..--.........|---
                                             #.^......| ---------..----
                                             --..<....|         ----
                                              ----..---
                                                 |..|
                                                 ----

Eisengrim the Conjurer    St:8 Dx:17 Co:11 In:20 Wi:9 Ch:10  Chaotic
Dlvl:4  $:111 HP:0(31) Pw:44(51) AC:9  Xp:5 T:2402 

Latest messages:
 In what direction?
 The spell hits the hill orc!
 You kill the hill orc!
 In what direction?
 The spell hits the hill orc!
 You kill the hill orc!
 Welcome to experience level 5.
 Sting stops flickering.
 You see here an apple.
 A - an apple.
 $ - 14 gold pieces (111 in total).
 You swap places with your kitten.
 There is an arrow trap here.
 You see here an orc corpse.
 An arrow shoots out at you!
 You are hit by an arrow!
 In what direction?
 The spell hits the giant bat!
 You kill the giant bat!
 You hit the gnome.
 The gnome just misses!
 You hit the gnome.
 You hit the gnome.
 The gnome hits!
 You miss the gnome.
 You kill the gnome!
 You see here a gnome corpse.
 With great effort you move the boulder.
 With great effort you move the boulder.
 You try to move the boulder, but in vain.
 With great effort you move the boulder.
 Click!  You trigger a rolling boulder trap!
 Fortunately for you, no boulder was released.
 The hobbit wields a dagger!
 You hit the hobbit.
 The hobbit zaps a marble wand!
 Boing!
 You hit the hobbit.
 The hobbit thrusts his dagger.
 The hobbit hits!
 You hit the hobbit.
 The hobbit thrusts his dagger.
 The hobbit hits!
 In what direction?
 The spell misses the hobbit.
 The hobbit thrusts his dagger.
 The hobbit hits!
 You die...
 Do you want your possessions identified? [ynq] (y)
 Do you want to see your attributes? [ynq] (y)

Inventory:
 Coins    ('$')
  $ - 111 gold pieces
 Amulets  ('"')
  q - an uncursed amulet versus poison
 Weapons  (')')
  x - the +0 Sting (weapon in right hand)
  a - a blessed +1 quarterstaff
 Armor    ('[')
  b - an uncursed +0 cloak of magic resistance (being worn)
  y - an uncursed rotted +0 dwarvish cloak
 Comestibles  ('%')
  A - a cursed apple
  r - an uncursed food ration
  s - an uncursed lembas wafer
  p - 3 uncursed lichen corpses
 Scrolls  ('?')
  i - an uncursed scroll of confuse monster
  k - an uncursed scroll of genocide
  j - an uncursed scroll of magic mapping
 Spellbooks  ('+')
  m - an uncursed spellbook of detect unseen
  l - a blessed spellbook of force bolt
 Potions  ('!')
  u - a cursed potion of booze
  v - an uncursed potion of levitation
  h - an uncursed potion of object detection
  f - an uncursed potion of paralysis
  g - an uncursed potion of sleeping
 Rings    ('=')
  d - an uncursed ring of slow digestion (on right hand)
  e - an uncursed ring of sustain ability (on left hand)
 Wands    ('/')
  c - a wand of sleep (0:5)
  t - a wand of undead turning (0:4)
 Tools    ('(')
  o - an uncursed leather drum
  n - a magic marker (0:22)
 Gems/Stones  ('*')
  z - an uncursed worthless piece of orange glass
  w - an uncursed worthless piece of yellowish brown glass

Eisengrim the Wizard's attributes:

Background:
 You were a Conjurer, a level 5 male elven Wizard.
 You were chaotic, nominally on a mission for Anhur
 who was opposed by Ptah (lawful) and Thoth (neutral).
 You were right-handed.
 You were in the Gnomish Mines, on level 4.
 You entered the dungeon 2402 turns ago.
 It was nighttime.
 You had 178 experience points, 142 more were needed to attain level 6.

Basics:
 You had 0 out of 31 hit points.
 You had 44 out of 51 energy points (spell power).
 Your armor class was 9.
 Your wallet contained 111 zorkmids.
 Autopickup was off.

Final Characteristics:
 Your strength was 8 (limit:18).
 Your dexterity was 17 (limit:18).
 Your constitution was 11 (limit:16).
 Your intelligence was 20 (limit:20).
 Your wisdom was 9 (limit:20).
 Your charisma was 10 (limit:18).

Final Status:
 You weren't hungry.
 You were unencumbered.
 You were wielding a dagger.
 You were unskilled in dagger.

Final Attributes:
 You were piously aligned.
 You were magic-protected.
 You were sleep resistant.
 You were telepathic.
 You were aware of the presence of orcs.
 You had infravision.
 You had slower digestion.
 You were warded.
 You had fixed abilities.
 You are dead.

Miscellaneous:
 You didn't encounter any bones levels.
 Total elapsed playing time was 1 hour, 44 minutes and 54 seconds.

Major events:
 Turn
    1: Eisengrim the chaotic male elven Wizard entered the dungeon
 1175: attained the rank of Conjurer (level 3)
 1967: became literate by naming Sting
 2038: entered the Gnomish Mines
 2402: killed by a hobbit

Spells:
 Name                 Level Category     Fail Retention
 force bolt             1   attack         0%   81%-90%
 detect unseen          3   divination    71%  76%-100%

Skills:
 Fighting Skills
   bare handed combat [Unskilled]
   riding             [Unskilled]
 Weapon Skills
   dagger             [Unskilled]
   knife              [Unskilled]
   axe                [Unskilled]
   short sword        [Unskilled]
   club               [Unskilled]
   mace               [Unskilled]
   quarterstaff       [Basic]
   polearms           [Unskilled]
   spear              [Unskilled]
   trident            [Unskilled]
   sling              [Unskilled]
   dart               [Unskilled]
   shuriken           [Unskilled]
 Spellcasting Skills
   attack spells      [Basic]
   healing spells     [Unskilled]
   divination spells  [Unskilled]
   enchantment spells [Basic]
   clerical spells    [Unskilled]
   escape spells      [Unskilled]
   matter spells      [Unskilled]

Voluntary challenges:
 Character rerolling was not enabled.
 You were an atheist.
 You never genocided any monsters.
 You never polymorphed an object.
 You never changed form.
 You used no wishes.
Achievements:
 You entered a shop.
 You attained the rank of Conjurer.
 You entered the Gnomish Mines.

 The Dungeons of Doom: levels 1 to 5
    Level 1:
       A fountain.
    Level 2:
       A scroll shop.
    Level 3:
       A fountain.
       Stairs down to The Gnomish Mines.
    Level 4:
       A fountain.
    Level 5:
       An altar.
 The Gnomish Mines:
    Level 4: <- You were here.
       Final resting place for
          you, killed by a hobbit.


Vanquished creatures:
  a shrieker
  3 gnome leaders
  a floating eye
  2 dwarves
  2 hill orcs
  a giant bat
  a hobbit
  a brown mold
  a green mold
  7 gnomes
  a garter snake
  a gnome zombie
  2 geckos
  3 jackals
  a fox
  a kobold
  3 sewer rats
  2 grid bugs
  3 lichens
  4 newts
41 creatures vanquished.

No species were genocided or became extinct.

Game over:
                       ----------
                      /          \
                     /    REST    \
                    /      IN      \
                   /     PEACE      \
                  /                  \
                  |    Eisengrim     |
                  |      111 Au      |
                  |   killed by a    |
                  |      hobbit      |
                  |                  |
                  |                  |
                  |       2026       |
                 *|     *  *  *      | *
        _________)/\\_//(\/(/\)/\//\/|_)_______

Goodbye Eisengrim the Wizard...

You died in The Gnomish Mines on dungeon level 4 with 1012 points,
and 111 pieces of gold, after 2402 moves.
You were level 5 with a maximum of 31 hit points when you died.

